Map: Ice and Chrome LE

Players

Powerfoe - Winner!

  • Race: Terran Terran
  • League: Master
  • Spawn Location: 7:00

A.I. 1 (Very Easy)

  • Race: Protoss Protoss
  • Spawn Location: 1:00

VOD

Have the link to the VOD?

Description

Time

  • Played on: Sept. 8, 2020, 12:50 a.m.
  • Length: 6:12
Show
View Real Time Build Order
Export as new Build Order

Powerfoe Terran - Winner!

Build Orders: 1/1/1 

Get SALT Encoding   

  12  0:00  SCV  
  13  0:12  SCV  
  14  0:17  Supply Depot  
  14  0:24  SCV  
  15  0:38  SCV  
  15  0:40  Barracks  
  16  0:44  Refinery  
  16  0:50  SCV  
  16  0:53  Refinery  
  17  1:03  SCV  
  18  1:05  Supply Depot  
  18  1:15  SCV  
  19  1:27  Orbital Command, Reaper  
  20  1:42  Factory  
  20  1:53  SCV  
  21  2:00  Barracks Reactor  
  21  2:05  SCV  
  22  2:18  SCV  
  23  2:27  Starport  
  23  2:28  Widow Mine  
  25  2:30  SCV  
  25  2:34  Supply Depot  
  25  2:36  Marine x2  
  28  2:42  SCV  
  29  2:49  Widow Mine  
  31  2:55  Marine x2  
  31  2:56  Supply Depot  
  33  3:01  Armory  
  33  3:03  Medivac  
  35  3:08  SCV  
  36  3:13  Marine, Widow Mine  
  36  3:17  Marine  
  36  3:18  Supply Depot  
  40  3:30  Marine  
  41  3:34  Factory Tech Lab  
  41  3:35  Marine  
  42  3:41  Supply Depot  
  42  3:48  Marine  
  42  3:52  Thor, Marine  
  50  4:01  Medivac  
  52  4:06  Marine  
  53  4:10  Marine  
  54  4:19  SCV  
  55  4:24  Marine  
  55  4:28  Marine  
  55  4:34  Supply Depot  
  55  4:35  Cyclone  
  58  4:40  Viking  
  58  4:42  Marine  
  61  4:46  Marine  
  61  4:49  Supply Depot  
  62  5:08  Marine x2  
  62  5:10  Cyclone  
  67  5:16  Viking  
  68  5:26  Marine x2  
  70  5:45  Marine x2  
  75  5:54  Supply Depot  
Show
View Real Time Build Order
Export as new Build Order

A.I. 1 (Very Easy) Protoss 

Build Orders: 1 Gate Expand, Nexus First 

Get SALT Encoding   

  12  0:00  Probe  
  13  0:13  Probe  
  14  0:19  Pylon  
  14  0:43  Gateway  
  14  1:01  Nexus  
  14  1:21  Zealot, Pylon  
  14  1:23  Assimilator  
  16  1:36  Cybernetics Core  
  16  1:37  Probe  
  17  1:49  Probe  
  18  1:59  Probe, Assimilator  
  18  2:05  Stalker  
  18  2:07  Probe  
  22  2:16  Probe  
  22  2:21  Probe  
  23  2:28  Warp Gate  
  24  2:30  Probe  
  25  2:37  Probe  
  26  2:45  Probe  
  26  2:47  Assimilator  
  26  2:48  Pylon  
  27  2:52  Probe  
  28  2:59  Probe  
  28  3:04  Probe  
  30  3:14  Probe  
  30  3:16  Robotics Facility  
  30  3:17  Probe  
  32  3:28  Probe  
  32  3:29  Adept  
  32  3:31  Probe  
  36  3:42  Probe  
  37  3:49  Probe  
  38  3:56  Probe  
  38  4:01  Observer  
  39  4:04  Probe  
  41  4:11  Probe  
  41  4:15  Probe  
  41  4:16  Observer  
  38  4:18  Assimilator  
  31  4:25  Probe  
  31  4:28  Probe  
  32  4:40  Probe  
  33  4:47  Sentry  
  33  4:48  Probe  
  34  4:55  Probe  
  35  5:03  Probe  
  34  5:10  Probe  
  33  5:16  Probe, Stalker  
  17  5:29  Probe  
  16  5:39  Probe  
  14  5:44  Zealot, Pylon  
  16  5:51  Probe  
  8  6:10  Nexus  
Tags
 
Add a new tag
Caveats
  • Supply blocks, unpowered buildings, or Contaminate may cause inaccurate times.
  • Supply counts are checked every 10 seconds.